 Dungeon Crawl Stone Soup version 0.27.1-1-g398f81649c (webtiles) character file.

Game seed: 2747522065366256743

4 pbellow the Skirmisher (level 1, 0/20 HPs)
             Began as a Hill Orc Fighter on Sept 11, 2021.
             Slain by a gnoll (4 damage)
             ... on level 1 of the Dungeon.
             The game lasted 00:00:37 (258 turns).

pbellow the Skirmisher (Hill Orc Fighter)            Turns: 258, Time: 00:00:39

Health: 0/20       AC:  6    Str: 18    XL:     1   Next: 60%
Magic:  1/1        EV:  7    Int:  8    God:
Gold:   11         SH:  9    Dex: 10    Spells: 0/0 levels left

rFire    . . .     SeeInvis .   a - +0 war axe
rCold    . . .     Faith    .   c - +0 kite shield
rNeg     . . .     Spirit   .   b - +0 scale mail
rPois    .         Reflect  .   (no helmet)
rElec    .         Harm     .   (no cloak)
rCorr    .         Rampage  .   (no gloves)
Will     .....                  (no boots)
Stlth    ..........             (no amulet)
HPRegen  0.06/turn              (no ring)
MPRegen  0.07/turn              (no ring)

@: no status effects
A: no striking features
a: no special abilities


You were on level 1 of the Dungeon.
You visited 1 branch of the dungeon, and saw 1 of its levels.

You collected 11 gold pieces.

Inventory:

Hand Weapons
 a - a +0 war axe (weapon)
Armour
 b - a +0 scale mail (worn)
 c - a +0 kite shield (worn)
Jewellery
 e - a ring of wizardry
Scrolls
 g - a scroll of magic mapping {unknown}
Potions
 d - a potion of might
 f - a potion of berserk rage {unknown}


   Skills:
 + Level 3.6 Fighting
 + Level 2.8 Axes
 + Level 3.3 Armour
 + Level 3.4 Shields


You couldn't memorise any spells.
You didn't know any spells.
Your spell library was empty.

Dungeon Overview and Level Annotations

Branches:
Dungeon (1/15)

Altars:


Message History

The jackal barks! x3; You hear a bark!
A jackal comes into view.
The jackal moves out of view.
You block the jackal's attack. The gnoll hits you with a +0 spear.
You hit the jackal.
The jackal is severely wounded.
You barely miss the gnoll. You closely miss the jackal.
The gnoll closely misses you. The jackal barely misses you.
You block the jackal's attack. The gnoll completely misses you.
The jackal barely misses you.
The jackal bites you but does no damage.
The gnoll hits you but does no damage. The jackal barely misses you.
You block the jackal's attack.
The jackal bites you but does no damage. x2
The jackal barely misses you. You block the jackal's attack.
You hit the jackal.
You kill the jackal!
You miss the jackal. The jackal barely misses you.
You block the jackal's attack.
The gnoll hits you from afar with a +0 spear.
The jackal barely misses you.
The jackal bites you but does no damage.
You hit the jackal but do no damage. You closely miss the jackal.
The jackal barely misses you. You block the jackal's attack.
The gnoll barely misses you.
The jackal bites you but does no damage.
The jackal bites you.
The gnoll hits you from afar with a +0 spear.
* * * LOW HITPOINT WARNING * * *
You completely miss the jackal. You barely miss the jackal.
You block the jackal's attack. The jackal barely misses you. x2
You block the gnoll's attack. The jackal barely misses you.
You closely miss the jackal. You hit the jackal.
You kill the jackal!
The jackal bites you but does no damage.
You block the gnoll's attack. You block the jackal's attack.
The jackal barely misses you.
The gnoll hits you from afar with a +0 spear.
You die...

#.......##.........
#..................
###.#####..........
##.# ###.........
#..####...######..
#.##....### ##.
#.##.#### #. #.#..#
#. #@#.### ##
#hh...# ### #.g##.#
#.. #..##.# #..
##..##.# #..
#...##.# ########..
#.#.##.# #.........
#......##_#
#.#####...
#......##.#
#.........


You could see a gnoll and 2 jackals.

Vanquished Creatures
  2 jackals (D:1)
  A ball python (D:1)
  A bat (D:1)
  A goblin (D:1)
  A rat (D:1)
6 creatures vanquished.

Notes
Turn   | Place    | Note
-------+----------+-------------------------------------------
     0 | D:1      | pbellow the Hill Orc Fighter began the quest for the Orb.
     0 | D:1      | Reached XP level 1. HP: 19/19 MP: 1/1
   225 | D:1      | Found a faded altar of an unknown god.
   258 | D:1      | Slain by a gnoll

Illustrated notes

Levels and vault maps discovered:
D:1:      eino_arrival_cavern_d, layout_rooms, ebering_ecumenical_altar_hall,
          serial_shops, nicolae_shop_overgrown_old_shop

Action                   || total
-------------------------++-------
Melee: War axe           ||    15
Armor: Scale mail        ||    11
Dodge: Dodged            ||    18
Block: Kite shield       ||    13
